 Dungeon Crawl Stone Soup version 0.30-a0-719-gcc4359ea44 (webtiles) character file.

Game seed: 11995895856267078839

1402 Newt the Chopper (level 8, 0/60 HPs)
             Began as a Demonspawn Gladiator on Jan 26, 2023.
             Succumbed to a gnoll sergeant's poison
             ... on level 6 of the Dungeon.
             The game lasted 00:05:08 (4994 turns).

Newt the Chopper (Demonspawn Gladiator)             Turns: 4994, Time: 00:05:09

Health: 0/60       AC: 10    Str: 16    XL:     8   Next: 42%
Magic:  8/8        EV: 12    Int:  9    God:
Gold:   190        SH:  0    Dex: 16    Spells: 7/7 levels left

rFire   x . .      SeeInvis .    i - +3 hand axe
rCold   + . .      Faith    .    (no shield)
rNeg    . . .      Spirit   .    b - +0 leather armour
rPois   +          Reflect  .    c - +0 helmet
rElec   .          Harm     .    (no cloak)
rCorr   +          Rampage  .    (no gloves)
Will    .....                    (no boots)
Stlth   +++                      (no amulet)
HPRegen 0.30/turn                f - ring "Beugosofof" {rPois rF- rC+ Stlth+}
MPRegen 0.11/turn                q - ring of resist corrosion

@: lethally poisoned (0 -> -5), sanguine armoured, on berserk cooldown, slowed,
very slow
A: claws 1, ignite blood 1, spiny 1, sanguine armour 1
a: no special abilities


You were on level 6 of the Dungeon.
You visited 1 branch of the dungeon, and saw 5 of its levels.
You also visited: Ossuary.

You collected 190 gold pieces.

Inventory:

Hand Weapons
 a - a +0 rapier
 i - a +3 hand axe (weapon)
Missiles
 e - a javelin (quivered)
 k - a boomerang
 l - a silver javelin
 m - 3 curare-tipped darts
Armour
 b - a +0 leather armour (worn)
 c - a +0 helmet (worn)
Jewellery
 f - the ring "Beugosofof" (left claw) {rPois rF- rC+ Stlth+}
   (You acquired it on level 2 of the Dungeon)

   [ring of poison resistance]

   rF:        It makes you vulnerable to fire.
   rC:        It protects you from cold.
   rPois:     It protects you from poison.
   Stlth:     It makes you more stealthy.
 q - a ring of resist corrosion (right claw)
 t - a ring of flight
Scrolls
 h - a scroll of vulnerability
 o - 2 scrolls of fear
 p - a scroll of teleportation
 y - a scroll of enchant weapon {unknown}
 z - 2 scrolls of butterflies
 C - a scroll of poison {unknown}
 D - a scroll of noise {unknown}
 E - a scroll of silence {unknown}
Potions
 g - a potion of lignification
 j - a potion of might
 n - a potion of berserk rage
 r - 3 potions of attraction
 s - a potion of cancellation
 u - a potion of brilliance {unknown}
 v - a potion of flight
 w - a potion of magic
 x - a potion of curing {unknown}
 A - a potion of resistance {unknown}


   Skills:
 - Level 4.0 Fighting
 - Level 2.6 Short Blades
 - Level 6.0 Axes
 + Level 3.7 Throwing
 - Level 5.0 Armour
 - Level 2.6 Dodging
 - Level 2.0 Stealth


You had 7 spell levels left.
You didn't know any spells.
Your spell library was empty.

Dungeon Overview and Level Annotations

Branches:
Dungeon (6/15)            Ossuary (visited)
 Temple: D:4-7

Altars:
Ashenzari
Fedhas
Gozag
Nemelex Xobeh
Ru
Trog
Uskayaw


Innate Abilities, Weirdness & Mutations

You have sharp fingernails.
Your demonic aura sometimes causes spilled blood to erupt in flames.
You are partially covered in sharp spines.
When seriously injured, your blood forms armour. (AC +6)


Message History

* * * LOW HITPOINT WARNING * * *
You are lethally poisoned!
You hit the gnoll sergeant.
The gnoll sergeant is moderately wounded.
* * * LOW HITPOINT WARNING * * *
You feel very sick.
The gnoll sergeant is struck by your spines.
The gnoll sergeant barely misses you. The gnoll misses you.
It was a potion of berserk rage.
A red film seems to cover your vision as you go berserk!
You feel yourself moving faster!
You feel mighty!
You feel very sick.
The gnoll hits you from afar with a +0 spear.
* * * LOW HITPOINT WARNING * * *
The gnoll sergeant hits you with a +2 spear of venom.
* * * LOW HITPOINT WARNING * * *
You hit the gnoll sergeant.
The gnoll sergeant is severely wounded.
* * * LOW HITPOINT WARNING * * *
You feel sick. The gnoll sergeant barely misses you.
The gnoll hits you but does no damage.
You hit the gnoll sergeant.
The gnoll sergeant is almost dead.
* * * LOW HITPOINT WARNING * * *
You feel sick.
You are too berserk!
You slash the gnoll sergeant!
You kill the gnoll sergeant!
* * * LOW HITPOINT WARNING * * *
You feel sick. The gnoll barely misses you.
Unknown command.
* * * LOW HITPOINT WARNING * * *
You feel sick.
You feel a strong urge to attack something.
* * * LOW HITPOINT WARNING * * *
You feel sick.
You are no longer berserk.
You are exhausted.
You feel yourself slow down.
You die...

.... #.....# ##
.... #.....#
... #....(#
#.(...+ #....(#
# #.....# .#
#.....##..##.#
#...(.g).....#
#.@..)##......
#.....°.......#
#..............
#.........#.<..
#.........# #.#
#.#######... .
... .### .## .#


You could see a gnoll.

Vanquished Creatures
  Prince Ribbit (D:6)
  An ice beast (D:6)
  An ogre (D:5)
  A black bear (D:5)
  An elf zombie (Ossuary)
  4 scorpions
  A gnoll sergeant (D:6)
  2 hounds
  2 centaur zombies (Ossuary)
  An orc priest (D:4)
  A jelly (D:6)
  3 iguanas
  An orc wizard (D:5)
  2 mummies (Ossuary)
  10 gnolls
  7 adders
  2 ufetubi (D:5)
  An adder zombie (Ossuary)
  A worm (D:4)
  9 orcs
  4 endoplasms
  A giant cockroach (D:1)
  11 goblins
  4 hobgoblins
  2 jackals (D:2)
  A quokka (D:1)
  3 ball pythons
  2 bats (D:1)
  3 frilled lizards
  2 goblin zombies (Ossuary)
  9 hobgoblin zombies (Ossuary)
  3 jackal zombies (Ossuary)
  7 kobolds
  12 kobold zombies (Ossuary)
  5 orc zombies (Ossuary)
  A rat (D:1)
  2 rat zombies (Ossuary)
124 creatures vanquished.

Notes
Turn   | Place    | Note
-------+----------+-------------------------------------------
     0 | D:1      | Newt the Demonspawn Gladiator began the quest for the Orb.
     0 | D:1      | Reached XP level 1. HP: 16/16 MP: 1/1
   124 | D:1      | Reached skill level 1 in Stealth
   393 | D:1      | Gained mutation: You have sharp fingernails. [demonic
                  | ancestry]
   393 | D:1      | Reached XP level 2. HP: 17/22 MP: 2/2
  1137 | D:2      | Identified a scroll of acquirement
  1138 | D:2      | Acquired the ring "Beugosofof" {rPois rF- rC+ Stlth+}
  1214 | D:2      | Reached XP level 3. HP: 28/28 MP: 3/3
  1464 | D:2      | Identified the +4 leather armour of the Bouncing Scars {rC+
                  | Int-3 Dex+10}
  1517 | D:2      | Gained mutation: You are partially covered in sharp spines.
                  | [demonic ancestry]
  1517 | D:2      | Reached XP level 4. HP: 32/37 MP: 4/4
  1718 | D:2      | You fall into a shaft and drop 2 floors!
  1721 | D:4      | Noticed a scorpion
  1733 | D:4      | Killed a scorpion
  1734 | D:4      | Reached skill level 2 in Axes
  1734 | D:4      | Gained mutation: When seriously injured, your blood forms
                  | armour. (AC +6) [demonic ancestry]
  1734 | D:4      | Reached XP level 5. HP: 22/42 MP: 5/5
  2224 | D:4      | Reached skill level 3 in Axes
  2410 | D:4      | Reached XP level 6. HP: 23/48 MP: 6/6
  2498 | D:4      | Found an opulent altar of Gozag.
  2548 | D:4      | Found a sacrificial altar of Ru.
  2556 | D:4      | Reached skill level 4 in Axes
  2903 | D:4      | Found a faded altar of an unknown god.
  2903 | D:4      | Found a blossoming altar of Fedhas.
  2911 | D:4      | Found a sparkling altar of Nemelex Xobeh.
  2913 | D:4      | Found a faded altar of an unknown god.
  2915 | D:4      | Found a bloodstained altar of Trog.
  2973 | D:5      | Entered Level 5 of the Dungeon
  3160 | D:5      | Reached skill level 5 in Axes
  3251 | D:5      | Found a sand-covered staircase.
  3269 | Ossuary  | Entered an ossuary
  3414 | Ossuary  | Reached XP level 7. HP: 40/54 MP: 7/7
  3574 | Ossuary  | Reached skill level 6 in Axes
  3707 | D:5      | Reached skill level 1 in Armour
  3967 | D:5      | HP: 1/54 [orc wizard/puff of flame (12)]
  4334 | D:5      | Found a hide-covered altar of Uskayaw.
  4474 | D:6      | Found a broken altar of Ashenzari.
  4527 | D:6      | Gained mutation: Your demonic aura sometimes causes spilled
                  | blood to erupt in flames. [demonic ancestry]
  4527 | D:6      | Reached XP level 8. HP: 42/60 MP: 8/8
  4782 | D:6      | Noticed Prince Ribbit
  4808 | D:6      | Killed Prince Ribbit
  4809 | D:6      | Reached skill level 5 in Armour
  4989 | D:6      | HP: 4/90 [poisoned by a gnoll sergeant]
  4993 | D:6      | HP: 1/90 [poisoned by a gnoll sergeant]
  4994 | D:6      | Succumbed to a gnoll sergeant's poison

Illustrated notes

Levels and vault maps discovered:
D:1:      kennysheep_arrival_forest, layout_loops_corners
D:2:      layout_loops_corners, corexii_hall_statues_deadend
D:4:      layout_loops_cross, zin_scriptorium, nicolae_gozag_seed_capital,
          nicolae_ru_sacrificial_ziggurat, chequers_temple_overflow_minitemple
D:5:      layout_basic, nicolae_uskayaw_suspiria,
          nicolae_ossuary_entry_false_entrances, feat_on_display
D:6:      layout_basic, mainiacjoe_overflow_concentric_impassable,
          minmay_temple_entry_proselytizer, cheibrodos_sewer_entry_bend,
          amcnicky_mini_corridor_feature, uniq_prince_ribbit1

Skill      XL: |  1  2  3  4  5  6  7  8 |
---------------+-------------------------+-----
Stealth        | 1 2 |  2.0
Fighting       | 3 4 |  4.0
Axes           | 2 3 5 6 |  6.0
Armour         | 4 5 |  5.0
Throwing       | 3 |  3.7
Short Blades   | |  2.6
Dodging        | |  2.6

Action                     |  1- 3 |  4- 6 |  7- 9 || total
---------------------------+-------+-------+-------++-------
  Melee: Rapier            |    51 |       |       ||    51
         Hand axe          |    32 |   139 |   103 ||   274
         Punch             |     1 |     1 |     1 ||     3
  Throw: Throwing net      |       |       |     4 ||     4
         Javelin           |       |       |     4 ||     4
         Dart              |       |       |     3 ||     3
         Boomerang         |       |       |     1 ||     1
    Use: Scroll            |     4 |     5 |       ||     9
         Potion            |       |       |     7 ||     7
   Stab: Sleeping          |     3 |    11 |       ||    14
 Armour: Leather armour    |    18 |    30 |    24 ||    72
  Dodge: Dodged            |    53 |    66 |    55 ||   174

Table legend: (Time is in decaauts)
 A = Elapsed time spent in this place.
 B = Non-inter-level travel time spent in this place.
 C = Inter-level travel time spent in this place.
 D = Time resting spent in this place.
 E = Time spent auto-exploring this place.
 F = Levels seen in this place.
 G = Mean time per level.
                   A        B        C        D        E       F      G
               +--------+--------+--------+--------+--------+-----+--------+
         Total |   5019 |   4942 |     77 |    713 |   3337 |   6 |  836.5 |
       Dungeon |   4603 |   4526 |     77 |    713 |   3066 |   5 |  920.6 |
       Ossuary |    415 |    415 |      0 |      0 |    271 |   1 |  415.0 |
               +--------+--------+--------+--------+--------+-----+--------+

Top non-repeatable levels by time:
     D:4: 1264 daAuts
     D:1: 1139 daAuts
     D:5: 1087 daAuts
     D:2: 592 daAuts
     D:6: 519 daAuts
 Ossuary: 415 daAuts
